 Dungeon Crawl Stone Soup version 0.21-a0-513-gdcb3f5e (webtiles) character file.

1076 Gerstahl the Skirmisher (level 8, -5/62 HPs)
             Began as a Demonspawn Gladiator on Dec 1, 2017.
             Was a Follower of Okawaru.
             Hit by a stone thrown by an orc warrior (14 damage)
             ... on level 6 of the Dungeon.
             The game lasted 00:10:18 (4949 turns).

Gerstahl the Skirmisher (Demonspawn Gladiator)      Turns: 4949, Time: 00:10:19

Health: -5/62      AC:  6    Str: 16    XL:     8   Next: 8%
Magic:  8/8        EV: 15    Int: 10    God:    Okawaru [*.....]
Gold:   331        SH:  0    Dex: 17    Spells: 7/7 levels left

rFire    + . .     SeeInvis .   a - +0 rapier
rCold    + . .     Gourm    .   (no shield)
rNeg     . . .     Faith    .   B - +0 leather armour (curse)
rPois    .         Spirit   .   c - +0 helmet
rElec    .         Reflect  .   r - +1 cloak {+Inv}
rCorr    .         Harm     .   (no gloves)
MR       .....                  (no boots)
Stlth    ++........             n - amulet of regeneration
HPRegen  0.60/turn              (no ring)
MPRegen  0.11/turn              (no ring)

@: no status effects
A: claws 2, thin skeletal structure 1, cold resistance 1, fire resistance 1,
powered by death 1, screaming 1, wild magic 1
a: Heroism, Renounce Religion, Evoke Invisibility


You were on level 6 of the Dungeon.
You worshipped Okawaru.
Okawaru was aware of your devotion.
You were not hungry.

You visited 1 branch of the dungeon, and saw 6 of its levels.

You collected 331 gold pieces.

Inventory:

Hand Weapons
 a - a +0 rapier (weapon)
Missiles
 d - 4 throwing nets (quivered)
Armour
 b - a +0 leather armour
 c - a +0 helmet (worn)
 p - +0 ice dragon scales
 r - a +1 cloak of invisibility (worn)
 B - a cursed +0 leather armour (worn)
 K - the +2 cloak of the Evening Star {+Blink rF+, unknown}
   (You found it on level 6 of the Dungeon)

   It protects you from fire.
   It lets you blink.
Jewellery
 n - an amulet of regeneration (around neck)
 q - an uncursed ring of flight {unknown}
 v - a +5 ring of intelligence {unknown}
 x - an uncursed ring of wizardry {unknown}
 y - an uncursed amulet of harm {unknown}
 A - an uncursed amulet of guardian spirit {unknown}
 D - an uncursed ring of positive energy {unknown}
 G - a cursed +4 ring of intelligence {unknown}
Wands
 C - a wand of acid (7)
Scrolls
 e - 4 scrolls of enchant weapon {unknown}
 g - 3 scrolls of amnesia {unknown}
 j - a scroll of fog {unknown}
 t - 2 scrolls of teleportation {unknown}
 u - 8 scrolls of identify {unknown}
 w - a scroll of remove curse {unknown}
 E - a scroll of brand weapon {unknown}
Potions
 k - a potion of flight {unknown}
 l - a potion of degeneration {unknown}
 m - 2 potions of might {unknown}
 o - a potion of berserk rage {unknown}
 z - a potion of magic {unknown}
 F - a potion of agility {unknown}
 H - a potion of haste {unknown}
 I - a potion of resistance {unknown}
Comestibles
 f - 5 bread rations
 h - 4 meat rations
 i - 5 royal jellies
 s - 3 fruits


   Skills:
 + Level 5.2 Fighting
 + Level 5.2 Short Blades
 - Level 1.7 Throwing
 + Level 3.9 Armour
 + Level 4.9 Dodging


You had 7 spell levels left.
You didn't know any spells.

Dungeon Overview and Level Annotations

Branches:
Dungeon (6/15)
 Temple: D:4-7

Altars:
Cheibriados
Elyvilon
Nemelex Xobeh
Okawaru
Vehumet
Yredelemnul
The Shining One

Shops:
D:4 %


Innate Abilities, Weirdness & Mutations

You have very sharp fingernails.
You have a somewhat thin skeletal structure. (Dex +2, Stealth)
Your flesh is heat resistant. (rF+)
You regenerate a little health from kills.
Your flesh is cold resistant. (rC+)
You occasionally shout uncontrollably at your foes.
Your spells are a little harder to cast, but a little more powerful.


Message History

Okawaru accepts your kill.
You puncture the quokka!
You kill the quokka!
Okawaru accepts your kill.
The orc warrior throws a stone.
The stone hits you! The orc closely misses you.
The orc warrior hits you with a flail!
You see here a bullfrog corpse.
You feel better. The orc misses you.
You puncture the orc!
You kill the orc!
Okawaru accepts your kill.
The orc warrior throws a stone.
The stone hits you!
* * * LOW HITPOINT WARNING * * *
The orc warrior throws a stone.
The stone hits you!
* * * LOW HITPOINT WARNING * * *
You see here a stone.
The orc warrior throws a stone.
The stone barely misses you.
You see here a stone.
The orc warrior throws a stone.
The stone hits you!
You die...

#...##.o##[...# #....... #
#.....##)#### ##..(.... ##.
#.....##)# ##..#..### ...
#.#......# #..##.## .. #.#
##......### #.###F# ...#..#
#....(.## ####.# #.#
.......##.<(...# #.(o.# ..#
..##...#(#....#####o##.##...
........).†....@..(....$.....
#.##....###..#..####.##.##..
#........##..#..## #...... .#
#........##..#...# #........#
#........##..#...###........
#........##..#...##.........
#........................). #
######.###..........#......
.. #.#
#.>.#..........#####...


You could see an orc warrior.

Vanquished Creatures
  3 centaurs (D:6)
  A bullfrog (D:6)
  A scorpion (D:4)
  Crazy Yiuf (D:2)
  4 orc priests
  5 orc wizards
  Terence (D:3)
  4 worker ants
  A killer bee zombie (D:6)
  8 gnolls
  5 adders
  A white imp (D:4)
  An ooze (D:5)
  An adder skeleton (D:4)
  5 dart slugs
  A worm (D:3)
  2 leopard geckos
  24 orcs
  3 giant cockroaches
  6 goblins
  7 hobgoblins
  2 jackals (D:6)
  3 quokkas
  A ball python (D:1)
  7 bats
  6 frilled lizards
  A goblin skeleton (D:4)
  A goblin zombie (D:4)
  2 hobgoblin zombies (D:4)
  10 kobolds
  2 kobold skeletons (D:4)
  3 kobold zombies (D:4)
  2 leopard gecko skeletons
  2 orc skeletons (D:4)
  8 rats
  A fungus (D:2)
136 creatures vanquished.

Vanquished Creatures (others)
  An orc wizard (D:6)
1 creature vanquished.

Grand Total: 137 creatures vanquished

Notes
Turn   | Place    | Note
-------+----------+-------------------------------------------
     0 | D:1      | Gerstahl the Demonspawn Gladiator began the quest for the Orb.
     0 | D:1      | Reached XP level 1. HP: 16/16 MP: 1/1
   415 | D:1      | Gained mutation: You have sharp fingernails. [demonic ancestry]
   415 | D:1      | Reached XP level 2. HP: 15/23 MP: 2/2
   861 | D:2      | Found a basalt altar of Yredelemnul.
  1006 | D:2      | Reached XP level 3. HP: 28/28 MP: 3/3
  1085 | D:2      | Found a radiant altar of Vehumet.
  1212 | D:2      | Gained mutation: Your spells are a little harder to cast, but a little more powerful. [potion of mutation]
  1212 | D:2      | Gained mutation: You occasionally shout uncontrollably at your foes. [potion of mutation]
  1212 | D:2      | Gained mutation: Your flesh is cold resistant. (rC+) [potion of mutation]
  1234 | D:2      | Reached skill level 1 in Armour
  1234 | D:2      | Gained mutation: Your flesh is heat resistant. (rF+) [demonic ancestry]
  1234 | D:2      | Reached XP level 4. HP: 15/35 MP: 4/4
  1931 | D:2      | Found a runed door.
  1935 | D:2      | Noticed Crazy Yiuf
  1953 | D:2      | Killed Crazy Yiuf
  2090 | D:3      | Gained mutation: You have very sharp fingernails. [demonic ancestry]
  2090 | D:3      | Reached XP level 5. HP: 36/41 MP: 5/5
  2211 | D:3      | Found a snail-covered altar of Cheibriados.
  2504 | D:3      | Noticed Terence
  2504 | D:3      | Gained mutation: You regenerate a little health from kills. [demonic ancestry]
  2504 | D:3      | Reached XP level 6. HP: 48/48 MP: 6/6
  2528 | D:3      | Killed Terence
  2759 | D:3      | Found a white marble altar of Elyvilon.
  2759 | D:3      | Found an iron altar of Okawaru.
  2759 | D:3      | Found a sparkling altar of Nemelex Xobeh.
  2810 | D:3      | Became a worshipper of Warmaster Okawaru
  2936 | D:4      | Found Ysieriv's Food Shop.
  3001 | D:4      | Found a glowing golden altar of the Shining One.
  3274 | D:4      | Reached XP level 7. HP: 54/54 MP: 7/7
  3870 | D:5      | Entered Level 5 of the Dungeon
  4764 | D:6      | Reached * piety under Okawaru
  4764 | D:6      | Reached skill level 5 in Fighting
  4764 | D:6      | Reached skill level 5 in Short Blades
  4840 | D:6      | Gained mutation: You have a somewhat thin skeletal structure. (Dex +2, Stealth) [demonic ancestry]
  4840 | D:6      | Reached XP level 8. HP: 59/62 MP: 8/8
  4900 | D:6      | Got a polished cloak
  4949 | D:6      | Hit by a stone thrown by an orc warrior

Vault maps used:
D:1:      minmay_arrival_widening_spiral_narrow, grunt_decor_resistance,
          hangedman_decor_opposing, minmay_crystal_room
D:2:      overflow_temple_1_default, first_bread, kennysheep_flooded_box,
          uniq_crazy_yiuf_cottage
D:3:      kennysheep_slug_shrine, gammafunk_temple_overflow_forgotten,
          uniq_terence
D:4:      nicolae_tso_besieged_by_evil, serial_shops, nicolae_shop_crystal,
          serial_bayou_lake_a
D:5:      minivault_23, kennysheep_cross_bottleneck
D:6:      fedhas_bush_and_centaur_altar

Skill      XL: |  1  2  3  4  5  6  7 |
---------------+----------------------+-----
Short Blades   | 3 4 5 |  5.2
Fighting       | 3 4 5 |  5.2
Dodging        | 3 4 |  4.9
Armour         | 1 2 3 |  3.9
Throwing       | |  1.7

Action                   |  1- 3 |  4- 6 |  7- 9 || total
-------------------------+-------+-------+-------++-------
Melee: Rapier            |   115 |   313 |   187 ||   615
Throw: Throwing net      |       |     3 |       ||     3
  Use: Potion            |     1 |       |     2 ||     3
 Stab: Held in net/web   |       |     1 |       ||     1
  Eat: Chunk             |       |     6 |     6 ||    12
       Fruit             |       |     2 |       ||     2
Armor: Leather armour    |    12 |       |    36 ||    48
       Ice dragon scales |    41 |   124 |    11 ||   176
Dodge: Dodged            |    74 |   178 |   118 ||   370

Table legend:
 A = Spawn XP
 B = Non-spawn XP
 C = Spawn XP percentage of total XP
 D = Spawn monster count
 E = Non-spawn monster count
 F = Spawn count percentage of total count
 G = Total turns spent on level
                    A         B        C        D         E        F      G
               +---------+---------+-------+---------+---------+-------+---------
         Total |       0 |    1538 |   0.0 |       0 |     136 |   0.0 |  4949
               +---------+---------+-------+---------+---------+-------+---------
           D:1 |       0 |      28 |   0.0 |       0 |      17 |   0.0 |   861
           D:2 |       0 |     166 |   0.0 |       0 |      31 |   0.0 |  1198
           D:3 |       0 |     309 |   0.0 |       0 |      35 |   0.0 |   801
           D:4 |       0 |     347 |   0.0 |       0 |      32 |   0.0 |  1010
           D:5 |       0 |      88 |   0.0 |       0 |       5 |   0.0 |   687
           D:6 |       0 |     600 |   0.0 |       0 |      16 |   0.0 |   392
               +---------+---------+-------+---------+---------+-------+---------
